 Dungeon Crawl Stone Soup version 0.19.0-17-g07987d3 (webtiles) character file.

352 l0ser140 the Skirmisher (level 6, -9/58 HPs)
             Began as a Minotaur Fighter on Nov 10, 2016.
             Killed by divine providence
             ... invoked by an orc priest
              (15 damage)
             ... on level 4 of the Dungeon.
             The game lasted 00:03:17 (1487 turns).

l0ser140 the Skirmisher (Minotaur Fighter)          Turns: 1487, Time: 00:03:18

Health: -9/58      AC:  7    Str: 23    XL:     6   Next: 34%
Magic:  5/5        EV:  8    Int:  5    God:
Gold:   83         SH: 10    Dex:  9    Spells: 0 memorised, 5 levels left

rFire  . . .     SeeInvis .     a - +0 flail
rCold  . . .     Gourm    .     b - +0 scale mail
rNeg   . . .     Faith    .     c - +0 shield
rPois  .         Spirit   .     (helmet restricted)
rElec  .         Reflect  .     (no cloak)
rCorr  .         Harm     .     (no gloves)
MR     .....                    (no boots)
Stlth  ..........               (no amulet)
                                (no ring)
                                (no ring)

@: no status effects
A: retaliatory headbutt, horns 2
a: no special abilities


You were on level 4 of the Dungeon.
You were very hungry.

You visited 1 branch of the dungeon, and saw 4 of its levels.

You collected 83 gold pieces.

Inventory:

Hand Weapons
 a - a +0 flail (weapon)
Armour
 b - a +0 scale mail (worn)
 c - a +0 shield (worn)
Jewellery
 h - an uncursed amulet of faith {unknown}
   (You found it on level 1 of the Dungeon)
 q - a cursed ring of loudness {unknown}
   (You found it on level 3 of the Dungeon)
 u - an uncursed ring of flight {unknown}
   (You found it on level 4 of the Dungeon)
Scrolls
 e - a scroll of amnesia {unknown}
 i - a scroll of immolation {unknown}
 k - a scroll of fog {unknown}
 m - 2 scrolls of identify {unknown}
 r - 2 scrolls of remove curse {unknown}
 s - a scroll of recharging {unknown}
 t - a scroll of noise {unknown}
Potions
 d - a potion of might
 g - 3 potions of haste {unknown}
 l - a potion of resistance {unknown}
 n - 2 potions of berserk rage {unknown}
 o - 3 potions of agility {unknown}
Comestibles
 f - a bread ration
 j - 5 fruits
 p - a meat ration


   Skills:
 + Level 6.5 Fighting
 - Level 2.4 Maces & Flails
 + Level 3.9 Armour
 + Level 6.5 Shields


You had 5 spell levels left.
You didn't know any spells.

Dungeon Overview and Level Annotations

Branches:
Dungeon (4/15)
 Temple: D:4-7

Altars:
Kikubaaqudgha


Innate Abilities, Weirdness & Mutations

You reflexively headbutt those who attack you in melee.
You have a pair of horns on your head.


Message History

Unknown command.
You hit the orc priest. Your headbutt misses the orc priest.
The orc priest is lightly wounded.
The orc priest hits you. The orc barely misses you. You block the orc's attack.
The orc hits you with a hand axe.
Damage: -5%(-3hp) hp: 64%(37hp) Unknown command.
You closely miss the orc priest.
You headbutt the orc priest, but do no damage.
The orc priest is lightly wounded.
The orc priest hits you. You block the orc's attack.
The orc hits you but does no damage. The orc hits you with a hand axe.
The orc priest hits you.
Huge Dmg: -19%(-11hp) hp: 45%(26hp)
You block the orc's attack.
Unknown command.
The orc priest invokes the aid of Beogh against you.
Beogh smites you!
* * * LOW HITPOINT WARNING * * *
Huge Dmg: -22%(-13hp) hp: 25%(14hp)
You barely miss the orc. Your headbutt misses the orc.
The orc closely misses you. The orc hits you but does no damage.
Your shield prevents you from hitting the orc.
The orc hits you but does no damage. x2; You block the orc's attack.
You sock the orc!
You kill the orc!
The orc hits you with a whip.
* * * LOW HITPOINT WARNING * * *
Damage: -2%(-1hp) hp: 23%(13hp)
You sock the orc!
You kill the orc!
The orc hits you but does no damage.
Unknown command.
You barely miss the orc priest. The orc closely misses you.
You furiously retaliate!
You headbutt the orc!
You kill the orc!
The orc priest hits you but does no damage.
The orc priest hits you.
* * * LOW HITPOINT WARNING * * *
Huge Dmg: -6%(-3hp) hp: 19%(11hp)
You hit the orc priest.
The orc priest is lightly wounded.
The orc priest hits you.
* * * LOW HITPOINT WARNING * * *
Huge Dmg: -8%(-5hp) hp: 11%(6hp)
You barely miss the orc priest.
The orc priest is lightly wounded.
The orc priest mumbles some strange prayers to Beogh against you.
Beogh smites you!
You die...

#....#........ ...#
#...##.........
#..###.................##
# #..# #........
...)...$.# # ##.##
#......## .......... .
#..# ##......# .........
#..# #......## .........
#..###......# ##........
#..##......H#####.........
##.....###.)o##..........#
#.##### ##.............##
#.# #.............# #.#
##...........## #.#
#...........# ...
#..........## ###
#..........# ............#


You could see an orc priest.

Vanquished Creatures
  Sigmund (D:2)
  2 vampire bats (D:2)
  An iguana (D:4)
  3 adders (D:2 D:3)
  3 dart slugs (D:2)
  A leopard gecko (D:2)
  3 orcs (D:4)
  6 bats (D:1 D:2)
  2 bat skeletons (D:2)
  4 bat zombies (D:2)
  4 giant cockroaches (D:1 D:2 D:3)
  A goblin (D:1)
  5 hobgoblins (D:1 D:2 D:3)
  3 jackals (D:2)
  A quokka (D:3)
  2 ball pythons (D:1 D:2)
  A frilled lizard (D:3)
  9 kobolds (D:1 D:2)
  5 rats (D:1 D:2)
57 creatures vanquished.

Notes
Turn   | Place    | Note
-------+----------+-------------------------------------------
     0 | D:1      | l0ser140 the Minotaur Fighter began the quest for the Orb.
     0 | D:1      | Reached XP level 1. HP: 19/19 MP: 0/0
    35 | D:1      | Huge Dmg: 5 Dmg
    54 | D:1      | Reached skill level 4 in Shields
    54 | D:1      | Reached XP level 2. HP: 13/27 MP: 1/1
    55 | D:1      | Reached skill level 4 in Fighting
   419 | D:2      | Reached XP level 3. HP: 33/33 MP: 2/2
   629 | D:2      | Found an ancient bone altar of Kikubaaqudgha.
   634 | D:2      | Reached skill level 5 in Shields
   634 | D:2      | Reached XP level 4. HP: 36/41 MP: 3/3
   658 | D:2      | Reached skill level 5 in Fighting
   852 | D:2      | Noticed Sigmund
   868 | D:2      | Huge Dmg: 8 Dmg
   868 | D:2      | Killed Sigmund
   868 | D:2      | Reached skill level 6 in Fighting
   868 | D:2      | Reached skill level 6 in Shields
   868 | D:2      | Reached XP level 5. HP: 23/51 MP: 4/4
   868 | D:2      | Reached XP level 6. HP: 27/58 MP: 5/5
  1470 | D:4      | Huge Dmg: 12 Dmg
  1474 | D:4      | Huge Dmg: 11 Dmg
  1481 | D:4      | Huge Dmg: 13 Dmg
  1486 | D:4      | Huge Dmg: 3 Dmg
  1487 | D:4      | Huge Dmg: 5 Dmg
  1487 | D:4      | Killed from afar by an orc priest

Skill      XL: |  1  2  3  4 |
---------------+-------------+-----
Shields        | 4 5 6 |  6.5
Fighting       | 4 6 |  6.5
Maces & Flails | |  2.4
Armour         | |  3.9

Action                   |  1- 3 |  4- 6 || total
-------------------------+-------+-------++-------
Melee: Flail             |    75 |    80 ||   155
       Headbutt          |     5 |    19 ||    24
  Eat: Chunk             |       |     1 ||     1
Armor: Scale mail        |    51 |    43 ||    94
Dodge: Dodged            |    42 |    22 ||    64
Block: Shield            |    44 |    48 ||    92

Vault maps used:
D:1:      eino_arrival_druids_welcome
D:2:      kennysheep_vampire_church, serial_undead, serial_undead_f,
          serial_undead_b, serial_undead_f, serial_undead_c, uniq_sigmund
D:4:      nicolae_gozag_zags_fifth_avenue, elyvilon_altar_1,
          nicolae_ru_sacrificial_ziggurat, uniq_robin
